 Dungeon Crawl Stone Soup version 0.28-a0-1567-g1695149f81 (webtiles) character file.

Game seed: 139450943791952228

52 croobank the Insei (level 3, 0/29 HPs)
             Began as a Draconian Transmuter on Jan 19, 2022.
             Slain by an adder (1 damage)
             ... on level 2 of the Dungeon.
             The game lasted 00:05:18 (1162 turns).

croobank the Insei (Draconian Transmuter)           Turns: 1162, Time: 00:05:18

Health: 0/29       AC:  5    Str: 10 (12) XL:     3   Next: 60%
Magic:  6/6        EV: 12    Int: 12 (13) God:
Gold:   50         SH:  0    Dex: 12 (13) Spells: 5/6 levels left

rFire   . . .      SeeInvis .   b - +0 great sword (holy)
rCold   . . .      Faith    .   (shield currently unavailable)
rNeg    . . .      Spirit   .   (armour unavailable)
rPois   .          Reflect  .   (helmet restricted)
rElec   .          Harm     .   (no cloak)
rCorr   .          Rampage  .   (no gloves)
Will    .....                   (no boots)
Stlth   +.........              (no amulet)
HPRegen 0.09/turn               (no ring)
MPRegen 0.10/turn               (no ring)

@: lethally poisoned (0 -> -6), attractive
A: AC +5, unfitting armour, cold-blooded
a: no special abilities


You were on level 2 of the Dungeon.
You visited 1 branch of the dungeon, and saw 2 of its levels.

You collected 50 gold pieces.

Inventory:

Hand Weapons
 b - a +0 great sword of holy wrath (weapon)
 d - a +0 hand axe
 h - a +0 quarterstaff
Missiles
 c - 35 stones
 e - 17 sling bullets
 f - 26 arrows
 g - 23 bolts
Potions
 i - a potion of might


   Skills:
 - Level 1.8 Fighting
 + Level 1.1 Long Blades
 - Level 2.2 Dodging
 - Level 3.3 Unarmed Combat
 - Level 2.3 Spellcasting
 - Level 2.4 Transmutations


You had 5 spell levels left.
You knew the following spells:

 Your Spells              Type           Power      Damage    Failure   Level
a - Beastly Appendage     Tmut           14%        N/A       10%         1

Your spell library contained the following spells:

 Spells                   Type           Power      Damage    Failure   Level
 Wereblood                Tmut           7%         N/A       14%         2
 Spider Form              Tmut/Pois      4%         N/A       43%         3
 Ice Form                 Ice/Tmut       4%         N/A       85%         4


Dungeon Overview and Level Annotations

Branches:
Dungeon (2/15)

Altars:


Innate Abilities, Weirdness & Mutations

Your plain brown scales are hard. (AC +5)
You cannot fit into any form of body armour.
You are cold-blooded and may be slowed by cold attacks.


Message History

You are poisoned.
The adder poisons you! The frilled lizard closely misses you.
You miss the adder.
Your tail-slap misses the adder.
The adder is heavily wounded.
You feel very sick. The adder closely misses you.
The frilled lizard bites you but does no damage.
The adder bites you but does no damage. The frilled lizard closely misses you.
You barely miss the adder. You tail-slap the adder.
The adder is heavily wounded.
You feel sick. The adder bites you but does no damage. The adder bites you.
The frilled lizard closely misses you.
You hit the adder.
Your tail-slap misses the adder.
The adder is almost dead.
You feel sick. The adder bites you.
The frilled lizard unfolds its giant frill.
The frilled lizard closely misses you. The adder bites you.
The frilled lizard bites you.
You closely miss the adder.
The adder is almost dead.
You feel sick.
You are no longer poisoned.
The adder bites you.
You are poisoned.
The adder poisons you! The adder bites you.
* * * LOW HITPOINT WARNING * * *
You are more poisoned.
The adder poisons you! The frilled lizard misses you. The adder bites you.
* * * LOW HITPOINT WARNING * * *
It was a potion of attraction.
You feel attractive to monsters.
* * * LOW HITPOINT WARNING * * *
You feel very sick. The frilled lizard barely misses you. The adder misses you.
It was a potion of degeneration.
There was something very wrong with that liquid.
You feel weakened.
You feel dopey.
You feel clumsy.
* * * LOW HITPOINT WARNING * * *
You feel sick. The frilled lizard closely misses you. The adder bites you.
You die...

##.####. #........
.........
#.##.##.#
#.##.##.#
###.#...#.#
#.........##
#.#.#...#.l####.#.
#.#.##....@S......
#.#.#####.<##.....
#.#.# #..# ...
##.#.#####..# .
#............
#..##.####..#.
#.># # #...## #..#
#..# ######..#
#########


You could see an adder and a frilled lizard.

Vanquished Creatures
  2 adders (D:2)
  3 ball pythons
  4 endoplasms
  A giant cockroach (D:1)
  4 goblins
  4 hobgoblins
  2 jackals (D:2)
  2 kobolds
  2 quokkas
  2 bats
  4 frilled lizards (D:1)
30 creatures vanquished.

Notes
Turn   | Place    | Note
-------+----------+-------------------------------------------
     0 | D:1      | croobank the Draconian Transmuter began the quest for the
                  | Orb.
     0 | D:1      | Reached XP level 1. HP: 16/16 MP: 3/3
   145 | D:1      | Reached XP level 2. HP: 14/23 MP: 3/5
   868 | D:2      | Reached XP level 3. HP: 23/29 MP: 6/6
  1043 | D:2      | Reached skill level 1 in Long Blades
  1162 | D:2      | HP: 1/29 [poisoned by an adder]
  1162 | D:2      | Slain by an adder

Illustrated notes

Levels and vault maps discovered:
D:1:      minmay_arrival_open_corners, layout_basic
D:2:      layout_loops_ring, shapermc_ecumenical_altar_petra,
          minmay_misc_feat_plants, grunt_ministairs_11, minmay_bisected

Skill      XL: |  1  2  3 |
---------------+----------+-----
Dodging        | 2 |  2.2
Long Blades    | 1 |  1.1
Fighting       | |  1.8
Unarmed Combat | |  3.3
Spellcasting   | |  2.3
Transmutations | |  2.4

Action                   || total
-------------------------++-------
Melee: Unarmed           ||    46
       Kick              ||    17
       Headbutt          ||     5
       Tailslap          ||     2
       Quarterstaff      ||    17
       Great sword       ||    17
 Cast: Beastly Appendage ||    15
  Use: Scroll            ||     2
       Potion            ||     2
 Stab: Sleeping          ||     1
Armor: Skin              ||    28
Dodge: Dodged            ||    75

Table legend: (Time is in decaauts)
 A = Elapsed time spent in this place.
 B = Non-inter-level travel time spent in this place.
 C = Inter-level travel time spent in this place.
 D = Time resting spent in this place.
 E = Time spent auto-exploring this place.
 F = Levels seen in this place.
 G = Mean time per level.
                   A        B        C        D        E       F      G
               +--------+--------+--------+--------+--------+-----+--------+
         Total |   1174 |   1158 |     16 |     66 |    780 |   2 |  587.0 |
       Dungeon |   1174 |   1158 |     16 |     66 |    780 |   2 |  587.0 |
               +--------+--------+--------+--------+--------+-----+--------+

Top non-repeatable levels by time:
     D:1: 821 daAuts
     D:2: 352 daAuts
